 Dungeon Sprint DCSS version 0.19.0-24-gb05acd6 (webtiles) character file.

328 igo the Protected (level 6, -1/41 HPs)
             Began as a Gargoyle Gladiator on Nov 21, 2016.
             Was an Initiate of Makhleb.
             Slain by an unseen horror (5 damage)
             ... in the Dungeon (Sprint IX: "|||||||||||||||||||||||||||||").
             The game lasted 00:02:07 (171 turns).

igo the Protected (Gargoyle Gladiator)               Turns: 171, Time: 00:02:07

Health: -1/41      AC: 18    Str: 20    XL:     6   Next: 50%
Magic:  6/6        EV: 13    Int: 11    God:    Makhleb [......]
Gold:   0          SH:  0    Dex: 11    Spells: 0 memorised, 5 levels left

rFire  . . .     SeeInvis .     o - +0 lajatang
rCold  . . .     Gourm    .     t - +2 ring mail
rNeg   + . .     Faith    .     (shield currently unavailable)
rPois  ∞         Spirit   .     c - +0 helmet
rElec  +         Reflect  .     s - +0 cloak
rCorr  .         Harm     .     (no gloves)
MR     .....     NoTele   +     (no boots)
Stlth  +.........               (no amulet)
                                v - +2 ring of protection
                                u - +3 ring of intelligence

@: very slightly contaminated, invisible
A: negative energy resistance 1, electricity resistance, unbreathing,
petrification resistance, rot immunity, AC +4
a: Renounce Religion


You were in the Dungeon.
You worshipped Makhleb.
Makhleb was noncommittal.
You were not hungry.

You visited 1 branch

Inventory:

Hand Weapons
 a - a +0 quarterstaff
 o - a +0 lajatang (weapon)
 p - a +2 morningstar of protection
 q - a +2 scimitar of flaming
Missiles
 d - 3 throwing nets (quivered)
Armour
 b - a +0 leather armour
 c - a +0 helmet (worn)
 r - a +0 helmet
 s - a +0 cloak (worn)
 t - a +2 ring mail (worn)
Magical Staves
 n - an uncursed staff of energy
Jewellery
 u - a +3 ring of intelligence (left hand)
 v - a +2 ring of protection (right hand)
Wands
 m - a wand of lightning (7/15)
Scrolls
 j - 3 scrolls of remove curse
 k - 2 scrolls of blinking
 l - 2 scrolls of amnesia
Potions
 g - 2 potions of heal wounds
 h - 4 potions of curing
 i - 4 potions of magic
Comestibles
 f - a bread ration


   Skills:
 + Level 6.3 Fighting
 * Level 8.2 Staves
 - Level 1.7 Throwing
 * Level 8.3 Armour
 + Level 5.1 Dodging


You had 5 spell levels left.
You didn't know any spells.

Dungeon Overview and Level Annotations

Branches:
Dungeon (1/1)

Altars:
Cheibriados
Dithmenos
Elyvilon
Fedhas
Gozag
Hepliaklqana
Kikubaaqudgha
Makhleb
Nemelex Xobeh
Okawaru
Qazlal
Ru
Sif Muna
Trog
Uskayaw
Vehumet
Xom
Yredelemnul
Zin
The Shining One
Beogh
Jiyva
Lugonu


Innate Abilities, Weirdness & Mutations

You are resistant to torment.
Your stone body is resilient. (AC +4)
You are immune to poison.
You resist negative energy. (rN+)
You are resistant to electric shocks. (rElec)
You can survive without breathing.
You are immune to petrification.
You are immune to rotting.


Message History

You barely miss something.
Something hits you but does no damage. x2
You hit something. Something hits you but does no damage.
Something barely misses you.
You barely miss something. Something hits you but does no damage.
You closely miss something. Something hits you but does no damage.
Something hits you!
You miss something. Something hits you!
* * * LOW HITPOINT WARNING * * *
You are too injured to fight recklessly!
You are too injured to fight recklessly!
You fade into invisibility!
Something hits you.
* * * LOW HITPOINT WARNING * * *
Something hits you.
* * * LOW HITPOINT WARNING * * *
You are very lightly contaminated with residual magic.
You miss something. Something hits you but does no damage. Something hits you.
* * * LOW HITPOINT WARNING * * *
You closely miss something. Something hits you.
You die... ▓▓▓▓▓▓▓▓▓▓▓▓▓▓▓▓▓▓▓▓▓▓▓▓ ______.'...)....@{aYo... ▓▓▓▓▓▓▓▓▓▓▓▓▓▓▓▓▓▓▓▓▓▓▓▓

You could see an ice beast, a worker ant and an orc.

Vanquished Creatures
  A sky beast (D)
  A centaur (D)
  A bullfrog (D)
  A crimson imp (D)
  An orc wizard (D)
  A worker ant (D)
  A dart slug (D)
  A leopard gecko (D)
  An orc (D)
  A bat (D)
  A giant cockroach (D)
  A goblin (D)
12 creatures vanquished.

Notes
Turn   | Place    | Note
-------+----------+-------------------------------------------
     0 | D        | igo the Gargoyle Gladiator began the quest for the Orb.
     0 | D        | Reached XP level 1. HP: 12/12 MP: 1/1
     5 | D        | Reached skill level 1 in Armour
    10 | D        | Reached XP level 2. HP: 15/18 MP: 2/2
    46 | D        | Noticed a crimson imp
    46 | D        | Noticed a centaur
    53 | D        | Reached XP level 3. HP: 8/23 MP: 3/3
    64 | D        | Killed a centaur
    64 | D        | Reached skill level 5 in Armour
    64 | D        | Reached XP level 4. HP: 30/30 MP: 4/4
    65 | D        | Reached skill level 5 in Fighting
    65 | D        | Reached XP level 5. HP: 35/35 MP: 5/5
    75 | D        | Found a roughly hewn altar of Beogh.
    75 | D        | Found a snail-covered altar of Cheibriados.
    75 | D        | Found a shadowy altar of Dithmenos.
    75 | D        | Found a white marble altar of Elyvilon.
    75 | D        | Found a blossoming altar of Fedhas.
    75 | D        | Found an opulent altar of Gozag.
    76 | D        | Found a hazy altar of Hepliaklqana.
    77 | D        | Found a viscous altar of Jiyva.
    78 | D        | Found an ancient bone altar of Kikubaaqudgha.
    79 | D        | Found a corrupted altar of Lugonu.
    80 | D        | Found a burning altar of Makhleb.
    81 | D        | Found a sparkling altar of Nemelex Xobeh.
    82 | D        | Found an iron altar of Okawaru.
    83 | D        | Found a stormy altar of Qazlal.
    84 | D        | Found a sacrificial altar of Ru.
    85 | D        | Found a deep blue altar of Sif Muna.
    86 | D        | Found a bloodstained altar of Trog.
    87 | D        | Found a hide-covered altar of Uskayaw.
    88 | D        | Became a worshipper of Makhleb the Destroyer
    89 | D        | Found a radiant altar of Vehumet.
    90 | D        | Found a shimmering altar of Xom.
    91 | D        | Found a basalt altar of Yredelemnul.
    92 | D        | Found a glowing silver altar of Zin.
    93 | D        | Found a glowing golden altar of the Shining One.
   141 | D        | Noticed a sky beast
   141 | D        | Noticed an ice beast
   152 | D        | Killed a sky beast
   152 | D        | Reached XP level 6. HP: 27/41 MP: 6/6
   159 | D        | Reached skill level 5 in Dodging
   171 | D        | Slain by an unseen horror

Skill      XL: |  1  2  3  4  5  6 |
---------------+-------------------+-----
Armour         | 2 3 5 6 7 8 |  8.3
Fighting       | 3 4 5 6 |  6.3
Staves         | 4 6 7 8 |  8.2
Dodging        | 3 4 5 |  5.1
Throwing       | |  1.7

Action                   |  1- 3 |  4- 6 || total
-------------------------+-------+-------++-------
Melee: Quarterstaff      |    21 |     4 ||    25
       Lajatang          |       |    29 ||    29
  Use: Potion            |     4 |     1 ||     5
Armor: Leather armour    |     7 |     2 ||     9
       Ring mail         |       |    21 ||    21
Dodge: Dodged            |    16 |    11 ||    27
